 Dungeon Crawl Stone Soup version 0.18.1-50-g88ac8fd (console) character file.

107 Gottschkopf the Magician (level 4, -3/24 HPs)
             Began as a Deep Elf Ice Elementalist on Sept 30, 2016.
             Killed by nerve-wracking pain
             ... invoked by Grinder
              (9 damage)
             ... on level 3 of the Dungeon.
             The game lasted 00:05:48 (1805 turns).

Gottschkopf the Magician (DEIE)                     Turns: 1805, Time: 00:05:48

Health: -3/24      AC:  8    Str:  5    XL:     4   Next: 57%
Magic:  7/13       EV: 13    Int: 21    God:
Gold:   46         SH:  0    Dex: 15    Spells: 4 memorised, 3 levels left

rFire  . . .     SeeInvis .     g - +0 dagger
rCold  + . .     Gourm    .     a - +0 robe
rNeg   . . .     Faith    .     (no shield)
rPois  .         Spirit   .     (no helmet)
rElec  .         Dismiss  .     (no cloak)
rCorr  .         Reflect  .     (no gloves)
SustAt .         Harm     .     (no boots)
MR     .....                    (no amulet)
Stlth  ++........               (no ring)
                                e - ring of protection from cold

@: icy armour, slow, not resistant to hostile enchantments, unstealthy
A: no striking features
a: no special abilities


You were on level 3 of the Dungeon.
You were not hungry.

You visited 1 branch of the dungeon, and saw 3 of its levels.

You collected 46 gold pieces.

Inventory:

Hand Weapons
 g - a +0 dagger (weapon)
Armour
 a - a +0 robe (worn)
Jewellery
 e - a ring of protection from cold (left hand)
Scrolls
 f - 2 scrolls of remove curse {unknown}
 h - a scroll of blinking {unknown}
 k - 2 scrolls of amnesia {unknown}
 o - a scroll of enchant weapon {unknown}
 q - 2 scrolls of identify {unknown}
 r - a scroll of magic mapping {unknown}
Potions
 d - a potion of haste {unknown}
 i - 2 potions of cancellation {unknown}
 j - a potion of agility {unknown}
 l - a potion of lignification {unknown}
 p - a potion of heal wounds {unknown}
Books
 b - a book of Frost

   Spells                             Type                      Level
   a - Freeze                         Ice                          1
   b - Throw Frost                    Conjuration/Ice              2
   c - Ozocubu's Armour               Charms/Ice                   3
   d - Throw Icicle                   Conjuration/Ice              4
   e - Summon Ice Beast               Ice/Summoning                4
Comestibles
 c - 2 bread rations
 m - a chunk of flesh
 n - a meat ration


   Skills:
 - Level 2.4 Dodging
 - Level 2.4 Stealth
 - Level 5.1 Spellcasting
 - Level 1.1 Conjurations
 + Level 4.7 Ice Magic


You had 3 spell levels left.
You knew the following spells:

 Your Spells              Type           Power        Failure   Level  Hunger
a - Freeze                Ice            ####         1%          1    None
b - Throw Frost           Conj/Ice       ###...       6%          2    None
c - Ozocubu's Armour      Chrm/Ice       ###.....     14%         3    ##.....
d - Throw Icicle          Conj/Ice       ###.....     34%         4    ####...


Dungeon Overview and Level Annotations

Branches:
Dungeon (3/15)

Altars:
The Shining One

Annotations:
D:3 Grinder


Message History

Press: ? - help, Shift-Dir - straight line, f - kobold
Aim: a kobold, wielding a short sword You freeze the kobold.
You kill the kobold!
Casting: Freeze
Confirm with . or Enter, or press ? or * to list all spells.
Aiming: Freeze
Press: ? - help, Shift-Dir - straight line, f - Grinder
Aim: Grinder You freeze Grinder.
Grinder completely resists.
Grinder barely misses you.
Casting: Freeze
Confirm with . or Enter, or press ? or * to list all spells.
Aiming: Freeze
Press: ? - help, Shift-Dir - straight line, f/p - Grinder
Aim: Grinder You freeze Grinder.
Grinder resists.
Grinder is lightly wounded.
Grinder gestures at you. Pain shoots through your body!
You die...

#...#.# #.#
#...#.#####.#########
+...'....)......>....
#...#.#.#######.###..
#...#.........#.# #..
#######.#####.#.###..
+.............#..(...
#######.....#####....
#...@5g(....# #....
#.#####.(...# ####.
#.#'### #.... #.#.#
#.##. #.#.# # #<.
#K#.# #.. #.#.# ###
#.#.# #.#.#


You could see Grinder and a goblin.

Vanquished Creatures
  Jessica (D:2)
  2 adders
  2 oozes (D:2)
  A worm (D:2)
  2 dart slugs
  2 giant geckos
  A ball python (D:1)
  4 bats
  3 giant cockroaches
  5 goblins
  7 hobgoblins
  2 jackals (D:1)
  2 quokkas
  2 giant newts (D:2)
  7 kobolds
  4 rats
47 creatures vanquished.

Notes
Turn   | Place    | Note
--------------------------------------------------------------
     0 | D:1      | Gottschkopf the Deep Elf Ice Elementalist began the quest for the Orb.
     0 | D:1      | Reached XP level 1. HP: 10/10 MP: 6/6
   194 | D:1      | Reached XP level 2. HP: 10/15 MP: 0/8
   205 | D:1      | Learned a level 2 spell: Throw Frost
   215 | D:1      | Reached skill level 4 in Spellcasting
   796 | D:2      | Reached XP level 3. HP: 19/19 MP: 8/11
   802 | D:2      | Reached skill level 5 in Spellcasting
   823 | D:2      | Learned a level 3 spell: Ozocubu's Armour
   874 | D:2      | Noticed Jessica
   885 | D:2      | Killed Jessica
  1110 | D:1      | Reached XP level 4. HP: 14/24 MP: 7/13
  1117 | D:1      | Learned a level 4 spell: Throw Icicle
  1412 | D:2      | Found a glowing golden altar of the Shining One.
  1790 | D:3      | Noticed Grinder
  1793 | D:3      | Paralysed by Grinder for 6 turns
  1805 | D:3      | Killed from afar by Grinder

Skill      XL: |  1  2  3 |
---------------+----------+-----
Spellcasting   | 4 5 |  5.1
Ice Magic      | 4 |  4.7
Dodging        | |  2.4
Stealth        | |  2.4
Conjurations   | |  1.1

Action                   |  1- 3 |  4- 6 || total
-------------------------+-------+-------++-------
Melee: Unarmed           |    10 |       ||    10
       Short sword       |     5 |       ||     5
       Dagger            |     5 |     4 ||     9
 Cast: Freeze            |    56 |    28 ||    84
       Throw Frost       |     2 |       ||     2
       Ozocubu's Armour  |     1 |     3 ||     4
 Stab: Sleeping          |     1 |     2 ||     3
  Eat: Chunk             |     1 |     2 ||     3
Armor: Robe              |    13 |     6 ||    19
Dodge: Dodged            |    49 |     6 ||    55
